 Dungeon Crawl Stone Soup version 0.15-a0-1632-gd490d05 (webtiles) character file.

103 Quh the Magician (level 4, -4/24 HPs)
             Began as a Deep Elf Wizard on June 21, 2014.
             Was an Initiate of Sif Muna.
             Slain by Pikel
             ... wielding a +2 whip of freezing
              (7 damage)
             ... on Level 4 of the Dungeon.
             The game lasted 00:10:15 (2363 turns).

Quh the Magician (Deep Elf Wizard)                  Turns: 2363, Time: 00:10:15

HP  -4/24        AC  2     Str  5      XL: 4   Next: 51%
MP   0/15        EV 17     Int 25      God: Sif Muna [......]
Gold 87          SH  0     Dex 13      Spells:  5 memorised,  1 level left

rFire  . . .     SeeInvis .     h - +2 dagger
rCold  . . .     Clarity  .     a - +0 robe
rNeg   . . .     rCorr    .     (no shield)
rPois  .         rRot     .     b - +0 hat
rElec  .         Spirit   .     (no cloak)
SustAb .         Warding  .     (no gloves)
rMut   .         Stasis   .     (no boots)
Gourm  .                        (no amulet)
MR     .....                    t - +2 ring of intelligence
                                f - +5 ring of evasion

@: very slightly contaminated, not resistant to hostile enchantments, unstealthy
A: no striking features
a: Renounce Religion


You were on level 4 of the Dungeon.
You worshipped Sif Muna.
Sif Muna was noncommittal.
You were hungry.

You visited 1 branch of the dungeon, and saw 4 of its levels.

You collected 87 gold pieces.

Inventory:

Hand weapons
 h - a +2 dagger (weapon)
Missiles
 e - 38 arrows
Armour
 a - a +0 robe (worn)
 b - a +0 hat (worn)
Magical devices
 n - a wand of slowing (7)
Comestibles
 d - 2 bread rations
 u - a chunk of bat flesh
 v - a chunk of goblin flesh
 x - a meat ration
Scrolls
 g - 5 scrolls of identify
 i - a scroll of random uselessness
 k - 2 scrolls of remove curse
Jewellery
 f - a +5 ring of evasion (left hand)
 p - an uncursed amulet of stasis
 t - a +2 ring of intelligence (right hand)
Potions
 j - 2 potions of curing
 l - a potion of poison {unknown}
 o - 2 potions of mutation {unknown}
 r - a potion of degeneration {unknown}
 s - a potion of might
 w - a potion of haste
Books
 c - a book of Minor Magic

   Spells                             Type                      Level
   *Magic Dart                        Conjuration                  1
   *Blink                             Translocation                2
   *Call Imp                          Summoning                    2
   *Repel Missiles                    Charms/Air                   2
   Slow                               Hexes                        2
   Conjure Flame                      Conjuration/Fire             3
   *Mephitic Cloud                    Conjuration/Poison/Air       3


   Skills:
 + Level 0.2 Fighting
 - Level 2.4 Dodging
 + Level 2.5 Stealth
 + Level 4.4 Spellcasting
 * Level 3.9 Conjurations
 - Level 1.1 Summonings
 - Level 1.1 Translocations
 - Level 2.0 Air Magic


You had one spell level left.
You knew the following spells:

 Your Spells              Type           Power        Failure   Level  Hunger
a - Magic Dart            Conj           ####         1%          1    None
b - Blink                 Tloc           N/A          10%         2    None
c - Call Imp              Summ           ##......     10%         2    None
d - Repel Missiles        Chrm/Air       ##....       10%         2    None
e - Mephitic Cloud        Conj/Pois/Air  ###.....     12%         3    ##.....


Dungeon Overview and Level Annotations

Branches:
Dungeon (4/15)
 Temple: D:4-7

Altars:
Cheibriados
Elyvilon
Sif Muna

Annotations:
D:3 Ijyb
D:4 Pikel


Message History

The slave gives up.
The slave misses your white imp.
Casting: Mephitic Cloud
Confirm with . or Enter, or press ? or * to list all spells.
Aiming: Magic Dart
Press: ? - help, Shift-Dir - straight line, f/p - Pikel
Aim: Pikel, wielding a whip of freezing and wearing a robe (lightly wounded, fleeing)
The magic dart hits Pikel.
Pikel is lightly wounded.
Your attack snaps Pikel out of its fear.
Your crimson imp blinks!
The orc throws a tomahawk.
The tomahawk hits you.
* * * LOW HITPOINT WARNING * * *
An orc wizard comes into view. It is wielding a glowing dagger.
Read which item? (? for menu, Esc to quit)
As you read the scroll labeled NUSSAS VIK NUN, it crumbles to dust.
The scroll dissolves into smoke.
It was a scroll of fog.
Pikel completely misses you. Pikel hits you with a whip of freezing!
You die...

#......#####...#...p...#
.......'....<....p.../..
.......#######.#p#####.#
..###### #§#.# ..# #.pp#
... ##.§# ... #§5# #.
#K§# ) #§@# #§§# #§§#
##.# .# o# .o ..


o You could see Pikel and a friendly white imp.

Vanquished Creatures
  3 adders
  2 worms
  2 giant geckos (D:1)
  3 giant cockroaches
  7 goblins
  4 hobgoblins
  2 ball pythons (D:2)
  4 bats
  4 kobolds
  A quokka (D:2)
  7 rats
39 creatures vanquished.

Vanquished Creatures (collateral kills)
  A scorpion (D:4)
  A gnoll (D:2)
  An orc (D:2)
  A kobold (D:2)
4 creatures vanquished.

Vanquished Creatures (others)
  A white imp (D:4)
1 creature vanquished.

Grand Total: 44 creatures vanquished

Notes
Turn   | Place    | Note
--------------------------------------------------------------
     0 | D:1      | Quh, the Deep Elf Wizard, began the quest for the Orb.
     0 | D:1      | Reached XP level 1. HP: 10/10 MP: 6/6
   289 | D:1      | Reached XP level 2. HP: 15/15 MP: 6/9
   293 | D:1      | Learned a level 2 spell: Blink
   296 | D:1      | Learned a level 2 spell: Call Imp
   299 | D:1      | Learned a level 2 spell: Repel Missiles
   917 | D:2      | Found a snail-covered altar of Cheibriados.
   937 | D:2      | Reached skill level 1 in Air Magic
   937 | D:2      | Reached XP level 3. HP: 19/19 MP: 6/12
  1105 | D:2      | Found a deep blue altar of Sif Muna.
  1113 | D:2      | Became a worshipper of Sif Muna the Loreminder
  1899 | D:3      | Found a white marble altar of Elyvilon.
  1940 | D:3      | Noticed Ijyb
  1948 | D:4      | Noticed a scorpion
  1965 | D:4      | Killed a scorpion
  1965 | D:4      | Reached XP level 4. HP: 24/24 MP: 10/15
  1972 | D:4      | Learned a level 3 spell: Mephitic Cloud
  2335 | D:4      | Noticed Pikel
  2336 | D:4      | Noticed a slave
  2338 | D:4      | Noticed a slave
  2338 | D:4      | Noticed a slave
  2340 | D:4      | Noticed a slave
  2363 | D:4      | Slain by Pikel

Action                   |  1- 3 |  4- 6 || total
-------------------------+-------+-------++-------
Melee: Dagger            |     7 |     3 ||    10
 Cast: Magic Dart        |    69 |    21 ||    90
       Call Imp          |     9 |     4 ||    13
       Blink             |     1 |       ||     1
       Mephitic Cloud    |       |     2 ||     2
  Use: Scroll            |       |     5 ||     5
 Stab: Sleeping          |     1 |       ||     1
